 Dungeon Crawl Stone Soup version 0.18.1-50-g88ac8fd (webtiles) character file.

21 Peloso the Shield-Bearer (level 2, -1/40 HPs)
             Began as a Minotaur Fighter on Oct 3, 2016.
             Slain by Sigmund
             ... wielding a +4 scythe of venom
              (3 damage)
             ... on level 1 of the Dungeon.
             The game lasted 00:02:09 (839 turns).

Peloso the Shield-Bearer (Minotaur Fighter)          Turns: 839, Time: 00:02:10

Health: -1/40      AC: 21    Str: 25    XL:     2   Next: 62%
Magic:  1/1        EV:  2    Int:  5    God:
Gold:   37         SH:  0    Dex:  9    Spells: 0 memorised, 1 level left

rFire  . . .     SeeInvis .     a - +0 long sword
rCold  . . .     Gourm    .     (armour currently unavailable)
rNeg   + + +     Faith    .     c - +0 shield
rPois  +         Spirit   .     (helmet currently unavailable)
rElec  .         Dismiss  .     (cloak currently unavailable)
rCorr  .         Reflect  .     (gloves currently unavailable)
SustAt .         Harm     .     (boots currently unavailable)
MR     .....     NoTele   +     (no amulet)
Stlth  +.........               (no ring)
                                (no ring)

@: confused, mighty, lethally poisoned (-1 -> -5), tree-form, not resistant to
hostile enchantments, very unstealthy
A: (retaliatory headbutt), (horns 0)
a: no special abilities


You were on level 1 of the Dungeon.
You were not hungry.
You were a tree.
You visited 1 branch of the dungeon, and saw 2 of its levels.

You collected 37 gold pieces.

Inventory:

Hand Weapons
 a - a +0 long sword (weapon)
Armour
 b - a +0 scale mail (melded)
 c - a +0 shield (worn)
Jewellery
 e - a +4 ring of protection {unknown}
 l - an uncursed ring of protection from cold {unknown}
Scrolls
 k - a scroll of enchant weapon {unknown}
 m - a scroll of remove curse {unknown}
Comestibles
 f - a bread ration
 g - a royal jelly
 h - 2 meat rations
 j - 2 slices of pizza
 n - 4 chunks of flesh


   Skills:
 + Level 3.8 Fighting
 + Level 2.7 Long Blades
 + Level 4.1 Armour
 + Level 4.1 Shields


You had one spell level left.
You didn't know any spells.

Dungeon Overview and Level Annotations

Branches:
Dungeon (2/15)

Altars:

Annotations:
D:1 Sigmund


Innate Abilities, Weirdness & Mutations

((You reflexively headbutt those who attack you in melee.))
((You have a pair of horns on your head.))


Message History

You cannot move. (Use ctrl+direction to attack without moving.)
You cannot move. (Use ctrl+direction to attack without moving.)
You cannot move. (Use ctrl+direction to attack without moving.) Unknown command.
You nearly hit yourself!
* * * LOW HITPOINT WARNING * * *
You feel sick.
Sigmund points at you and mumbles some strange words.
The magic dart hits you!
You swing at nothing.
* * * LOW HITPOINT WARNING * * *
You feel sick. Sigmund hits you but does no damage.
Sigmund points at you and mumbles some strange words.
The magic dart hits you!
You closely miss Sigmund.
Sigmund is moderately wounded.
* * * LOW HITPOINT WARNING * * *
You feel sick.
Sigmund hits you with a scythe of venom.
You die...

................# #.#.....##.#
................# #.#.##.....#
........##......###.#.########
........####...÷....#.# ...#.####
###.....##.# ...#.# #.....##.#
.#†#.# #.....##.# #########
.#...# #...@.##.# #.......#
.#############..♣..##.# #.......#
......................# #.......#
#####....#####.....######.......#
..[................##...........#
#####....#####.....##...........#
#####....# ##.#####...........#
...##....# #.................#
...##....######...........#####.#
.........................># #.#


You could see Sigmund.

Vanquished Creatures
  3 giant cockroaches (D:1)
  3 goblins (D:1)
  A hobgoblin (D:1)
  3 jackals (D:1)
  2 kobolds (D:1)
  2 bats (D:1)
  A giant newt (D:1)
  2 rats (D:1)
17 creatures vanquished.

Notes
Turn   | Place    | Note
--------------------------------------------------------------
     0 | D:1      | Peloso the Minotaur Fighter began the quest for the Orb.
     0 | D:1      | Reached XP level 1. HP: 19/19 MP: 0/0
   175 | D:1      | Reached XP level 2. HP: 27/27 MP: 1/1
   826 | D:2      | Noticed Sigmund
   839 | D:1      | HP: 2/40 [poisoned by Sigmund]
   839 | D:1      | Slain by Sigmund

Skill      XL: |  1  2 |
---------------+-------+-----
Armour         | 4 |  4.1
Shields        | 4 |  4.1
Fighting       | |  3.8
Long Blades    | |  2.7

Action                   || total
-------------------------++-------
Melee: Long sword        ||    44
       Headbutt          ||     4
  Use: Potion            ||     2
Armor: Scale mail        ||    17
       Skin              ||     4
Dodge: Dodged            ||    16
Block: Shield            ||    23
